 Dungeon Crawl Stone Soup version 0.24-a0-170-gd8427f5 (webtiles) character file.

Game seed: 4610086728332277375

17569 Borgoz the Basher (level 12, 0/77 HPs)
             Began as a Gargoyle Gladiator on Mar 8, 2019.
             Was a Priest of Ashenzari.
             Killed by divine providence
             ... invoked by a meliai
              (13 damage)
             ... on level 12 of the Dungeon.
             The game lasted 00:28:38 (13701 turns).

Borgoz the Basher (Gargoyle Gladiator)             Turns: 13701, Time: 00:28:39

Health: 0/77       AC: 31    Str: 28    XL:     12   Next: 49%
Magic:  14/14      EV: 16    Int: 11    God:    Ashenzari [***...]
Gold:   1253       SH:  0    Dex: 13    Spells: 13/14 levels left

rFire    + . .     SeeInvis +   H - +3 flail (protect)
rCold    . . .     Gourm    .   (no shield)
rNeg     + . .     Faith    .   x - +3 leather armour {rF+}
rPois    ∞         Spirit   .   c - +0 helmet
rElec    +         Reflect  +   U - +0 cloak
rCorr    .         Harm     .   u - +2 pair of gloves
MR       .....                  y - +2 pair of boots
Stlth    +.........             q - +4 amulet of reflection
HPRegen  0.22/turn              j - ring of wizardry (curse)
MPRegen  0.14/turn              V - +4 ring of strength

@: confused, mighty, about to teleport, protection aura
A: negative energy resistance 1, electricity resistance, unbreathing,
petrification resistance, rot immunity, AC +8
a: Curse Item, Scrying, Renounce Religion


You were on level 12 of the Dungeon.
You worshipped Ashenzari.
Ashenzari was most pleased with you.
You were not hungry.

You visited 3 branches of the dungeon, and saw 15 of its levels.

You collected 1253 gold pieces.

Inventory:

Hand Weapons
 H - a +3 flail of protection (weapon)
Missiles
 d - 5 throwing nets (quivered)
 S - 8 tomahawks
Armour
 c - a +0 helmet (worn)
 u - a +2 pair of gloves (worn)
 x - a +3 leather armour of fire resistance (worn)
 y - a +2 pair of boots (worn)
 U - a +0 cloak (worn)
Jewellery
 j - a cursed ring of wizardry (left hand)
 q - a +4 amulet of reflection (around neck)
 P - an uncursed ring of ice
 V - a +4 ring of strength (right hand)
Wands
 a - a wand of polymorph (5)
 g - a wand of clouds (3)
 v - a wand of iceblast (22)
 K - a wand of flame (37)
 L - a wand of digging (2)
Scrolls
 e - 4 scrolls of enchant weapon
 i - 4 scrolls of magic mapping
 l - 6 scrolls of teleportation
 s - 2 scrolls of amnesia {unknown}
 E - 8 scrolls of remove curse
 F - a scroll of noise {unknown}
 G - 2 scrolls of fog {unknown}
 I - 3 scrolls of immolation {unknown}
 J - 2 scrolls of silence {unknown}
 O - a scroll of fear {unknown}
 Q - a scroll of holy word {unknown}
Potions
 m - 4 potions of flight
 n - 5 potions of cancellation
 p - 5 potions of curing
 r - 2 potions of brilliance
 t - 3 potions of haste
 A - 2 potions of resistance
 B - 2 potions of magic
 C - 4 potions of lignification
 D - 2 potions of might
Comestibles
 b - a chunk of flesh
 f - 22 rations


   Skills:
 + Level 10.1 Fighting
 + Level 13.7 Maces & Flails
 - Level 1.8 Throwing
 + Level 5.1 Armour
 + Level 7.4 Dodging
 + Level 6.4 Stealth
 + Level 1.6 Spellcasting
 + Level 1.6 Hexes
 + Level 1.3 Evocations


You had 13 spell levels left.
You knew the following spells:

 Your Spells              Type           Power        Failure   Level  Hunger
a - Confusing Touch       Hex            #.....       7%          1    ##.....

Your spell library contained the following spells:

 Spells                   Type           Power        Failure   Level  Hunger
 Animate Skeleton         Necr           N/A          14%         1    ##.....
 Apportation              Tloc           #.....       14%         1    ##.....
 Summon Small Mammal      Summ           #...         14%         1    ##.....
 Call Imp                 Summ           #.......     21%         2    ###....
 Summon Guardian Golem    Hex/Summ       #.......     28%         3    ####...
 Call Canine Familiar     Summ           #.......     38%         3    ####...
 Summon Ice Beast         Ice/Summ       #.......     77%         4    #####..
 Summon Lightning Spire   Summ/Air       #.......     77%         4    #####..


Dungeon Overview and Level Annotations

Branches:
Dungeon (12/15)            Temple (1/1) D:4            Lair (2/6) D:11
    Orc (0/2) D:11
  Swamp: Lair:2-4    Shoals: Lair:2-4     Snake: Lair:2-4    Spider: Lair:2-4

Altars:
Ashenzari
Cheibriados
Dithmenos
Elyvilon
Fedhas
Gozag
Hepliaklqana
Kikubaaqudgha
Makhleb
Nemelex Xobeh
Okawaru
Qazlal
Ru
Sif Muna
Trog
Uskayaw
Vehumet
Wu Jian
Xom
Yredelemnul
Zin
The Shining One

Shops:
D:9 [   D:12 *

Annotations:
D:11 Gastronok


Innate Abilities, Weirdness & Mutations

You are resistant to torment.
Your stone body is resilient. (AC +8)
You are immune to poison.
You resist negative energy. (rN+)
You are resistant to electric shocks. (rElec)
You can survive without breathing.
You are immune to petrification.
You are immune to rotting.


Message History

The meliai stings you but does no damage.
The orc barely misses you.
The orc priest hits you but does no damage.
The orc wizard mumbles some strange words.
The orc wizard flickers and vanishes for a moment.
The meliai calls down the wrath of its god upon you.
Something smites you!
* * * LOW HITPOINT WARNING * * *
The meliai hits you with a +0 war axe.
* * * LOW HITPOINT WARNING * * *
The meliai stings you but does no damage.
You are confused.
You feel invigorated. The meliai hits you but does no damage.
The meliai barely misses you.
The meliai hits you with a +2 war axe of flaming.
* * * LOW HITPOINT WARNING * * *
The meliai barely misses you.
The meliai mumbles some strange prayers to its god against you.
Something smites you!
You die...

, , ,#....#
,####....# *, ,
#.......# ,
*####....W..# ,
,...........# * '
*#......o..# ,
,#.....yoo.# ,
#.....y@y.#####
,,#........!....#
,,
,#.............#
'
,#........######
, #........#
,#........#####
,* #............#
* #............#
, ,
#............#


You could see a phantom, 3 meliai, an orc priest, an orc wizard (invisible) and
an orc.

Vanquished Creatures
  Harold (D:7)
  A hydra (Lair:1)
  A two-headed ogre (D:10)
  A deep elf mage (D:12)
  An ugly thing (D:11)
  An elephant (Lair:1)
  A manticore (D:12)
  A centaur zombie (D:12)
  Joseph (D:8)
  A black mamba (Lair:1)
  3 spiny frogs
  3 komodo dragons
  Prince Ribbit (D:9)
  3 slime creatures (D:12)
  2 spriggans
  Eustachio (D:4)
  15 yaks
  2 hungry ghosts (D:8)
  Edmund (D:6)
  3 water moccasins
  6 porcupines
  8 orc warriors
  A phantom (D:11)
  3 sky beasts
  2 ice beasts (D:10)
  A black bear (D:8)
  A necrophage (D:10)
  8 ogres
  A centaur (D:11)
  9 wolves
  6 crocodiles
  A big kobold (D:9)
  5 bullfrogs
  A gnoll sergeant (D:9)
  A wyvern zombie (D:11)
  A scorpion (D:10)
  Dowan (D:6)
  9 killer bees
  3 wights (D:11)
  A howler monkey (D:7)
  2 electric eels (D:11)
  3 crimson imps
  A bullfrog zombie (D:9)
  2 hounds
  A gnoll shaman (D:4)
  8 orc priests
  4 centaur skeletons
  3 iguanas
  2 jellies (D:8)
  14 orc wizards
  Ijyb (D:3)
  15 worker ants
  Terence (D:2)
  A killer bee zombie (D:8)
  A hound zombie (D:6)
  A howler monkey zombie (D:8)
  2 worker ant zombies
  Robin (D:2)
  10 gnolls
  A howler monkey skeleton (D:7)
  16 adders
  4 shadow imps
  An ooze (D:1)
  4 adder skeletons
  5 dart slugs
  3 leopard geckos
  63 orcs
  4 ball pythons
  9 giant cockroaches
  18 goblins
  10 hobgoblins
  5 jackals
  15 kobolds
  2 quokkas
  3 bats
  4 frilled lizards
  A jackal skeleton (D:9)
  A quokka zombie (D:6)
  3 rats
  A plant (D:11)
359 creatures vanquished.

Vanquished Creatures (others)
  A wizard (D:3)
  2 orcs (D:6)
  A plant (D:11)
4 creatures vanquished.

Grand Total: 363 creatures vanquished

Notes
Turn   | Place    | Note
-------+----------+-------------------------------------------
     0 | D:1      | Borgoz the Gargoyle Gladiator began the quest for the Orb.
     0 | D:1      | Reached XP level 1. HP: 12/12 MP: 1/1
    84 | D:1      | Reached XP level 2. HP: 18/18 MP: 2/2
   249 | D:1      | Reached XP level 3. HP: 19/22 MP: 3/3
   552 | D:2      | Reached skill level 4 in Maces & Flails
   566 | D:2      | Reached XP level 4. HP: 17/27 MP: 4/4
   876 | D:2      | Noticed Robin
   891 | D:2      | Killed Robin
  1078 | D:2      | Noticed Terence
  1099 | D:2      | Killed Terence
  1099 | D:2      | Reached skill level 1 in Armour
  1099 | D:2      | Reached skill level 1 in Stealth
  1099 | D:2      | Reached XP level 5. HP: 10/32 MP: 5/5
  1480 | D:2      | Found an ornate altar of the Wu Jian Council.
  1480 | D:2      | Found a hide-covered altar of Uskayaw.
  1836 | D:3      | Found an iron altar of Okawaru.
  1994 | D:3      | Noticed a sky beast
  2005 | D:3      | Killed a sky beast
  2005 | D:3      | Reached skill level 5 in Maces & Flails
  2005 | D:3      | Reached XP level 6. HP: 37/37 MP: 6/6
  2014 | D:3      | Learned a level 1 spell: Confusing Touch
  2017 | D:3      | Noticed Ijyb
  2027 | D:3      | Killed Ijyb
  2158 | D:3      | Found an ancient bone altar of Kikubaaqudgha.
  2233 | D:3      | Found a bloodstained altar of Trog.
  2234 | D:3      | Noticed a wizard
  2239 | D:3      | Killed a wizard
  2508 | D:4      | Found a shattered altar of Ashenzari.
  2522 | D:4      | Became a worshipper of Ashenzari the Shackled
  2546 | D:4      | Reached XP level 7. HP: 42/42 MP: 7/7
  2708 | D:4      | Reached skill level 6 in Maces & Flails
  2795 | D:4      | Noticed Eustachio
  2865 | D:4      | Killed Eustachio
  3554 | D:4      | Found a staircase to the Ecumenical Temple.
  3717 | Temple   | Entered the Ecumenical Temple
  4005 | D:5      | Entered Level 5 of the Dungeon
  4023 | D:5      | Reached XP level 8. HP: 46/48 MP: 8/8
  4078 | D:5      | Reached skill level 7 in Maces & Flails
  4109 | D:5      | Found a snail-covered altar of Cheibriados.
  4151 | D:5      | Reached * piety under Ashenzari
  4896 | D:6      | Noticed Edmund
  4940 | D:6      | Killed Edmund
  4979 | D:6      | Noticed Dowan
  4982 | D:6      | Noticed Duvessa
  5070 | D:6      | Reached skill level 8 in Maces & Flails
  5187 | D:6      | Reached skill level 5 in Fighting
  5324 | D:6      | Killed Dowan
  5324 | D:6      | Reached XP level 9. HP: 49/54 MP: 9/9
  5334 | D:6      | Noticed Duvessa
  5334 | D:6      | Duvessa changed into Duvessa the porcupine
  5338 | D:6      | Killed Duvessa the porcupine
  5424 | D:6      | Found a sparkling altar of Nemelex Xobeh.
  5772 | D:7      | Reached skill level 9 in Maces & Flails
  5926 | D:7      | Noticed Harold
  5967 | D:7      | Killed Harold
  5967 | D:7      | Reached skill level 5 in Dodging
  6153 | D:7      | Reached ** piety under Ashenzari
  6251 | D:7      | Reached skill level 10 in Maces & Flails
  6278 | D:7      | Found a burning altar of Makhleb.
  6428 | D:7      | Reached XP level 10. HP: 46/61 MP: 11/11
  6529 | D:7      | Got the uncursed robe of the Ward {rPois Dex+3}
  6540 | D:7      | Identified the +1 robe of the Ward {rPois Dex+3} (You found
                  | it on level 7 of the Dungeon)
  7451 | D:8      | Noticed Joseph
  7473 | D:8      | Killed Joseph
  7473 | D:8      | Reached skill level 1 in Spellcasting
  7502 | D:8      | Reached skill level 11 in Maces & Flails
  7933 | D:9      | Found Yroirr's Armour Shoppe.
  8237 | D:9      | Noticed Prince Ribbit
  8262 | D:9      | Killed Prince Ribbit
  8751 | D:10     | Entered Level 10 of the Dungeon
  8843 | D:10     | Noticed a two-headed ogre
  8858 | D:10     | Killed a two-headed ogre
  8864 | D:10     | Reached *** piety under Ashenzari
  9281 | D:10     | Reached skill level 1 in Evocations
  9281 | D:10     | Reached XP level 11. HP: 55/68 MP: 12/12
  9443 | D:11     | Reached skill level 12 in Maces & Flails
  9806 | D:11     | Reached skill level 5 in Stealth
 10147 | D:11     | Found a staircase to the Orcish Mines.
 10480 | D:11     | Found a staircase to the Lair.
 10624 | D:11     | Noticed Gastronok
 10690 | D:11     | Noticed a red ugly thing
 10734 | D:11     | Killed a red ugly thing
 11382 | Lair:1   | Entered Level 1 of the Lair of Beasts
 11411 | Lair:1   | Reached skill level 1 in Hexes
 11597 | Lair:1   | Reached skill level 13 in Maces & Flails
 12027 | Lair:1   | Noticed an eight-headed hydra
 12051 | Lair:1   | Reached XP level 12. HP: 62/76 MP: 13/13
 12074 | Lair:1   | Killed an eight-headed hydra
 13045 | D:12     | Reached skill level 5 in Armour
 13356 | D:12     | Found Dumem's Elemental Accessories.
 13420 | D:12     | Reached skill level 10 in Fighting
 13648 | D:12     | Found a glowing silver altar of Zin.
 13701 | D:12     | Killed from afar by a meliai

Levels and vault maps discovered:
D:1:      psy_arrival_whirlpool, layout_basic
D:2:      layout_rooms, nicolae_overflow_hidden_temple, uniq_terence, uniq_robin
D:3:      layout_rooms, okawaru_trees_1, kiku_gazebo_garden_becter,
          roderic_lattice_a, trog_wizard, uniq_ijyb
D:4:      layout_basic, kennysheep_little_box, minmay_temple_entry_butterflies,
          uniq_eustachio
D:5:      layout_loops_cross, kennysheep_mini_moat, serial_rivers,
          chequers_serial_rivers_micro_e, chequers_serial_rivers_micro_a,
          chequers_serial_rivers_room_b, chequers_serial_rivers_small_b,
          chequers_serial_rivers_small_b, first_ration
D:6:      layout_basic, kennysheep_mini, grunt_ministairs_13, minmay_holes,
          uniq_edmund, uniq_duvessa
D:7:      layout_basic, lemuel_doored_altar, the_bakery, uniq_harold
D:8:      layout_loops_corners, minmay_misc_feat_x, uniq_joseph
D:9:      minmay_goldmine, layout_cave_pools, serial_shops, shop,
          minmay_misc_feat_rugged, uniq_prince_ribbit1
D:10:     layout_basic, wad_floor_pattern_1, dk_vineyard_3
D:11:     layout_stronghold, david_lair_shrubbed, erik_orc_2,
          palyth_stone_intersect, uniq_gastronok
D:12:     layout_irregular_city, basic_altar, nicolae_elemental_shop
Temple:   dpeg_chambers_temple
Lair:1:   layout_misc_corridors, st_stairs_12, grunt_forest_large_clearing_hut
Lair:2:   layout_layer_cave, uniq_sonja

Skill      XL: |  1  2  3  4  5  6  7  8  9 10 11 12 |
---------------+-------------------------------------+-----
Maces & Flails | 4 5 6 8 10 11 13 | 13.7
Dodging        | 3 4 5 6 7 |  7.4
Armour         | 1 2 3 4 5 |  5.1
Stealth        | 1 4 5 6 |  6.4
Fighting       | 3 4 5 6 7 9 10 | 10.1
Spellcasting   | 1 |  1.6
Evocations     | 1 |  1.3
Hexes          | 1 |  1.6
Throwing       | |  1.8

Action                   |  1- 3 |  4- 6 |  7- 9 | 10-12 || total
-------------------------+-------+-------+-------+-------++-------
Melee: Flail             |   103 |   226 |   528 |  1066 ||  1923
       Unarmed           |       |       |    12 |       ||    12
Throw: Throwing net      |       |       |     4 |       ||     4
 Cast: Confusing Touch   |       |       |     3 |     6 ||     9
Evoke: Wand              |       |       |     2 |     8 ||    10
  Use: Potion            |       |     1 |     2 |    10 ||    13
       Scroll            |       |       |     8 |     8 ||    16
 Stab: Sleeping          |       |     1 |       |    14 ||    15
       Invisible         |       |     1 |       |       ||     1
       Confused          |       |       |     4 |     3 ||     7
       Held in net/web   |       |       |     2 |       ||     2
       Distracted        |       |       |     1 |       ||     1
  Eat: Chunk             |       |     6 |    13 |    24 ||    43
       Ration            |       |       |       |     2 ||     2
Armor: Leather armour    |    43 |    82 |   238 |   450 ||   813
       Skin              |       |       |     5 |       ||     5
Dodge: Dodged            |    66 |   161 |   366 |   615 ||  1208
Block: Other             |       |    19 |    97 |   182 ||   298
       Reflection        |       |     1 |     1 |       ||     2

Table legend:
 A = Non-vault XP
 B = Vault XP
 C = Vault XP percentage of total XP
 D = Non-vault monster count
 E = Vault monster count
 F = Vault count percentage of total count
                 A         B        C        D         E       F
            +---------+---------+-------+---------+---------+-------
      Total |   19327 |    5772 |  23.0 |     293 |      65 |  18.2
            +---------+---------+-------+---------+---------+-------
        D:1 |      42 |       0 |   0.0 |      19 |       0 |   0.0
        D:2 |      86 |      70 |  44.9 |      26 |      14 |  35.0
        D:3 |     223 |      33 |  12.9 |      23 |       1 |   4.2
        D:4 |     530 |     203 |  27.7 |      26 |       1 |   3.7
        D:5 |     291 |       0 |   0.0 |      13 |       0 |   0.0
        D:6 |     564 |     479 |  45.9 |      23 |       9 |  28.1
        D:7 |    1101 |    1266 |  53.5 |      26 |       2 |   7.1
        D:8 |    1434 |     455 |  24.1 |      28 |       1 |   3.4
        D:9 |     506 |     613 |  54.8 |      19 |      12 |  38.7
       D:10 |    1497 |       0 |   0.0 |      12 |       0 |   0.0
       D:11 |    3995 |    1042 |  20.7 |      28 |      22 |  44.0
       D:12 |    3981 |       0 |   0.0 |      21 |       0 |   0.0
     Lair:1 |    3532 |    1611 |  31.3 |      20 |       3 |  13.0
     Lair:2 |    1545 |       0 |   0.0 |       9 |       0 |   0.0
            +---------+---------+-------+---------+---------+-------
